 Dungeon Crawl Stone Soup version 0.21.1-1-g345015f (webtiles) character file.

72 sking99 the Stinger (level 4, 0/24 HPs)
             Began as a Deep Elf Venom Mage on June 30, 2018.
             Slain by a phantom (2 damage)
             ... on level 2 of the Dungeon.
             The game lasted 00:05:44 (2402 turns).

sking99 the Stinger (Deep Elf Venom Mage)           Turns: 2402, Time: 00:05:44

Health: 0/24       AC:  2    Str:  5    XL:     4   Next: 6%
Magic:  11/11      EV: 13    Int: 21    God:
Gold:   139        SH:  0    Dex: 15    Spells: 4/10 levels left

rFire    . . .     SeeInvis .   h - +1 whip (elec)
rCold    . . .     Gourm    .   (no shield)
rNeg     . . .     Faith    .   a - +0 robe
rPois    .         Spirit   .   (no helmet)
rElec    .         Reflect  .   (no cloak)
rCorr    .         Harm     .   (no gloves)
MR       .....                  (no boots)
Stlth    ++........             (no amulet)
HPRegen  0.08/turn              (no ring)
MPRegen  0.12/turn              (no ring)

@: no status effects
A: no striking features
a: no special abilities


You were on level 2 of the Dungeon.
You were not hungry.

You visited 1 branch of the dungeon, and saw 3 of its levels.

You collected 139 gold pieces.

Inventory:

Hand Weapons
 h - a +1 whip of electrocution (weapon)
Armour
 a - a +0 robe (worn)
 k - a +0 leather armour
Scrolls
 e - a scroll of remove curse {unknown}
 f - 2 scrolls of identify {unknown}
 j - a scroll of teleportation {unknown}
 m - a scroll of fog {unknown}
Potions
 d - a potion of resistance {unknown}
 g - 2 potions of degeneration {unknown}
 l - a potion of heal wounds {unknown}
Books
 b - a Young Poisoner's Handbook

   Spells                             Type                      Level
   a - Sting                          Conjuration/Poison           1
   b - Poisonous Vapours              Poison/Air                   2
   c - Mephitic Cloud                 Conjuration/Poison/Air       3
   d - Olgreb's Toxic Radiance        Poison                       4
   e - Venom Bolt                     Conjuration/Poison           5
Comestibles
 c - 4 rations
 i - a chunk of flesh


   Skills:
 + Level 3.1 Dodging
 - Level 2.4 Stealth
 + Level 3.7 Spellcasting
 * Level 2.6 Conjurations
 + Level 0.9 Air Magic
 + Level 3.7 Poison Magic


You had 4 spell levels left.
You knew the following spells:

 Your Spells              Type           Power        Failure   Level  Hunger
a - Sting                 Conj/Pois      ###.         3%          1    None
b - Poisonous Vapours     Pois/Air       ##....       7%          2    ##.....
c - Mephitic Cloud        Conj/Pois/Air  ##......     14%         3    ###....


Dungeon Overview and Level Annotations

Branches:
Dungeon (3/15)

Altars:
Ashenzari
Hepliaklqana


Message History

The phantom is lightly damaged.
The phantom hits you.
The phantom blinks!
You closely miss the phantom.
The phantom is lightly damaged.
The phantom hits you!
* * * LOW HITPOINT WARNING * * *
The phantom blinks!
There is a stone staircase leading up here.
You start resting.
The phantom blinks!
The phantom blinks!
The phantom blinks!
The phantom hits you!
* * * LOW HITPOINT WARNING * * *
You climb upwards.
There is a stone staircase leading down here.
You hit the phantom.
The phantom is lightly damaged.
The phantom hits you.
You die...

.......'......##....# #.
##.....######+##....# ##
.........(..........#
#.##................######
#.##.....................#
#.##.....................#
#.#......................#
#.#....######.##.W.......#
#.#....# ####@........#
#.#....# ###########
).#....# ..#....# ..#....#
..#....# ##########
#'######## #.......>#
.........# #........#
######### .........#
#........# #........


You could see a phantom.

Vanquished Creatures
  2 adders (D:2)
  2 oozes (D:2)
  3 worms (D:2)
  A leopard gecko (D:2)
  5 goblins
  5 hobgoblins
  2 jackals (D:2)
  A quokka (D:2)
  3 bats
  A frilled lizard (D:3)
  6 kobolds
  4 rats
35 creatures vanquished.

Notes
Turn   | Place    | Note
-------+----------+-------------------------------------------
     0 | D:1      | sking99 the Deep Elf Venom Mage began the quest for the Orb.
     0 | D:1      | Reached XP level 1. HP: 10/10 MP: 6/6
     6 | D:1      | Noticed a komodo dragon
     6 | D:1      | Noticed a tyrant leech
     6 | D:1      | Noticed a worker ant
     6 | D:1      | Noticed a centaur
   371 | D:1      | Reached XP level 2. HP: 15/15 MP: 5/8
   435 | D:1      | Learned a level 2 spell: Poisonous Vapours
  1155 | D:2      | Reached XP level 3. HP: 19/19 MP: 2/9
  1481 | D:2      | Learned a level 3 spell: Mephitic Cloud
  1733 | D:2      | Found a shattered altar of Ashenzari.
  1733 | D:2      | Found a hazy altar of Hepliaklqana.
  2105 | D:2      | Reached XP level 4. HP: 24/24 MP: 7/11
  2353 | D:3      | Noticed a phantom
  2402 | D:2      | Slain by a phantom

Skill      XL: |  1  2  3 |
---------------+----------+-----
Conjurations   | 2 |  2.6
Dodging        | 3 |  3.1
Stealth        | |  2.4
Spellcasting   | |  3.7
Air Magic      | |  0.9
Poison Magic   | |  3.7

Action                   |  1- 3 |  4- 6 || total
-------------------------+-------+-------++-------
Melee: Whip              |    11 |     6 ||    17
 Cast: Sting             |    51 |     2 ||    53
       Poisonous Vapours |    14 |     3 ||    17
  Eat: Chunk             |     4 |     1 ||     5
Armor: Robe              |     1 |     1 ||     2
Dodge: Dodged            |     5 |     3 ||     8
